Unix NetHack Version 3.7.0-88 Work-in-progress - last build Aug 21 2023 04:08:40 (b68ccb3e4f8f5dcb83e1e40b1ff56e7dffd4cd28,branch:master). Game began 2023-08-25 15:55:41, ended 2023-08-28 01:47:43. horga, lawful female human Archeologist ------- %% ( [ ) !)D@J.).....| % ---D%......- [% % % %---- --...).... % ) --------..---...... % % ---...%.........[.. ! .)..%....--------- ) * --.......| ? % ------ -....------------- ..(.^(| |..................| $ % |.|..(|| |...--...^.^.......| |.......---- |...--..%..........- + [ -(|.(.)|||.| |.......---------...-- % ? ........)----- ---%... |.| |....--- % --......|.^| |.--------.- |-.([..---- " = ....----....---------...........---+.[[.....| ( % ( ..%.| |-..%.%........--------.......[...---- % %*/ ) ...-----.....---------- |......<..--- %% % ..........|.| |*|........| ------------- ------------ Horga the Excavator St:18/13 Dx:18 Co:18 In:18 Wi:17 Ch:15 Lawful Dlvl:30 $:1034 HP:0(123) Pw:54(54) AC:-4 Xp:14/96646 T:45147 Latest messages: The jabberwock hits! The jabberwock hits again! The black dragon bites! The black dragon hits! The black dragon knocks you back with a forceful strike! You bump into a jabberwock. The black dragon misses! The black dragon bites! The black dragon hits! The black dragon hits again! The bite-covered Olog-hai corpse disappears! You hit the jabberwock! You hit the jabberwock! The jabberwock bites! The jabberwock bites again! The jabberwock hits! The jabberwock hits again! The black dragon bites! The black dragon hits! The black dragon knocks you back with a forceful strike! You bump into a jabberwock. The black dragon hits again! It is missed. The splash of venom hits the black dragon. The black dragon is blinded by the venom. The jabberwock bites! The jabberwock bites again! The jabberwock hits! The jabberwock hits again! The black dragon bites! The black dragon hits! The black dragon hits again! What do you want to use or apply? [bhknoqsuxzCDGHKMPSTZ or ?*] s In what direction? 6 Status of the jabberwock (neutral, large): Level 18 HP 63(91) AC -2. What do you want to zap? [nouzCDGHKMSTZ or ?*] C In what direction? 6 The sleep ray hits the jabberwock. The sleep ray misses the jabberwock. The sleep ray whizzes by you! The sleep ray hits the black dragon. The jabberwock misses! The jabberwock misses! The jabberwock misses! The jabberwock misses! The black dragon bites! The black dragon hits! The black dragon knocks you back with a powerful blow! You bump into a jabberwock. You stagger... The black dragon misses! What do you want to use or apply? [bhknoqsuxzCDGHKMPSTZ or ?*] s In what direction? 6 Status of the black dragon (chaotic, gigantic): Level 18 HP 49(126) AC -1, blind. What do you want to use or apply? [bhknoqsuxzCDGHKMPSTZ or ?*] s In what direction? 3 You hear nothing special. The jabberwock misses! The jabberwock misses! The jabberwock misses! The jabberwock misses! The black dragon bites! The black dragon hits! The black dragon hits again! The black dragon bites! The black dragon misses! The black dragon misses! Monsters appear from nowhere! You feel a bit steadier now. The jabberwock misses! The jabberwock bites! The jabberwock misses! The jabberwock misses! The black dragon bites! The black dragon hits! The black dragon misses! Are you sure you want to pray? [yn] (n) y You begin praying to Quetzalcoatl. The jabberwock misses! The jabberwock bites! The jabberwock misses! The jabberwock misses! The black dragon bites! The black dragon hits! The black dragon hits again! The black dragon knocks you back with a powerful blow! You bump into a jabberwock. The black dragon bites! The black dragon hits! The black dragon knocks you back with a forceful strike! Ouch! You hear the howling of the CwnAnnwn... The black dragon hits again! The jabberwock misses! The jabberwock misses! The jabberwock misses! The jabberwock just misses! The black dragon bites! The black dragon misses! The black dragon misses! The black dragon bites! The black dragon misses! The black dragon misses! The jabberwock bites! The jabberwock misses! The jabberwock hits! The jabberwock hits again! The black dragon just misses! The black dragon misses! The black dragon misses! Since you are in Gehennom, Quetzalcoatl can't help you. The voice of Moloch booms: "Thou hast angered me." Suddenly, a bolt of lightning strikes you! Restoring save file... Hello horga, the human Archeologist, welcome back to NetHack! You hit the jabberwock! You hit the jabberwock! The jabberwock bites! You die... Do you want to see the dungeon overview? [ynq] (y) y Inventory: Coins $ - 1034 gold pieces Amulets r - an uncursed amulet of reflection (being worn) Weapons A - the blessed +6 Grayswandir (wielded in right hand) B - a blessed +6 silver saber (wielded in left hand) Armor N - a blessed greased fireproof +5 elven leather helm (being worn) Q - a blessed fireproof +3 pair of gauntlets of dexterity (being worn) e - a blessed +3 pair of low boots (being worn) Comestibles g - 3 uncursed food rations j - an uncursed lembas wafer R - an uncursed melon L - an uncursed lizard corpse Potions J - a cursed potion of invisibility Rings F - an uncursed ring of free action (on right hand) O - an uncursed ring of searching Wands o - an uncursed wand of digging (0:8) M - an uncursed wand of digging (0:8) D - an uncursed wand of digging (0:5) n - an uncursed wand of digging (0:4) K - an uncursed wand of digging (0:0) T - a cursed wand of digging (0:3) S - an uncursed wand of fire named -1 (0:3) H - an uncursed wand of lightning (0:8) z - a blessed wand of magic missile (0:4) u - an uncursed wand of magic missile (0:5) C - an uncursed wand of sleep (0:4) Z - an uncursed wand of slow monster (0:8) G - an uncursed wand of striking (0:5) Tools b - an uncursed sack containing 42 items q - an uncursed magic marker (0:92) x - an uncursed +0 pick-axe k - an uncursed skeleton key s - an uncursed stethoscope P - an uncursed wet towel h - a blessed +0 unicorn horn Gems/Stones W - a blessed luckstone Contents of the sack: 8347 gold pieces a blessed +0 mummy wrapping 7 uncursed scrolls of blank paper a cursed scroll of blank paper an uncursed scroll of fire an uncursed scroll of remove curse an uncursed scroll of teleportation an uncursed scroll of teleportation a cursed scroll of teleportation an uncursed potion of enlightenment an uncursed potion of hallucination a cursed potion of invisibility an uncursed potion of restore ability an uncursed potion of see invisible an uncursed +0 ring of increase accuracy an uncursed ring of levitation an uncursed ring of poison resistance an uncursed wand of cold named empty? (0:3) an uncursed wand of create monster named -1 (0:10) an uncursed wand of digging (0:8) an uncursed wand of digging (0:7) an uncursed wand of digging (0:5) an uncursed wand of digging named -1 (0:4) an uncursed wand of fire (0:8) an uncursed wand of fire (0:5) an uncursed wand of fire (0:4) an uncursed wand of lightning (0:5) an uncursed wand of lightning (0:5) an uncursed wand of magic missile (0:5) an uncursed wand of magic missile named -3+ (0:5) an uncursed wand of magic missile (0:4) an uncursed wand of magic missile (0:3) an uncursed wand of nothing (0:11) an uncursed wand of sleep named -1 (0:5) an uncursed wand of speed monster (0:5) an uncursed wand of striking (0:5) an uncursed wand of striking (0:5) a cursed wand of striking named -1 (0:4) an uncursed wand of wishing (1:1) an uncursed +0 unicorn horn an uncursed luckstone an uncursed touchstone Horga the Archeologist's attributes: Background: You were an Excavator, a level 14 female human Archeologist. You were lawful, on a mission for Quetzalcoatl who was opposed by Camaxtli (neutral) and Huhetotl (chaotic). You were in Gehennom, on level 30. You entered the dungeon 45147 turns ago. It was nighttime. You had 96646 experience points, 63354 more were needed to attain level 15. Basics: You had 0 out of 123 hit points. You had all 54 energy points (spell power). Your armor class was -4. Your wallet contained 1034 zorkmids, and you had 8347 more stashed away in your pack. Autopickup was off. Final Characteristics: Your strength was 18/13 (limit:18/100). Your dexterity was 18 (base:15, peak:17, limit:18). Your constitution was 18 (limit:18). Your intelligence was 18 (limit:18). Your wisdom was 17 (limit:18). Your charisma was 15 (limit:18). Final Status: You were not hungry. You were unencumbered. You were wielding two weapons at once. Your skill in saber was limited by being basic with two weapons. Final Attributes: You were the Hand of Elbereth. You were piously aligned. You were fire resistant. You were cold resistant. You were sleep resistant. You were disintegration resistant. You were shock resistant. You were poison resistant. You resisted hallucinations. You saw invisible. You were telepathic. You had automatic searching. You were stealthy. You were fast. You had reflection. You had free action. You were extremely lucky. You had extra luck. Good luck did not time out for you. You are dead. Miscellaneous: You never encountered a bones level. Total elapsed playing time was 10 hours, 46 minutes and 31 seconds. Major events: Turn 1: horga the lawful female human Archeologist entered the dungeon 1739: attained the rank of Field Worker (level 3) 1895: entered the Gnomish Mines 2971: reached Mine Town 8169: attained the rank of Investigator (level 6) 16002: acquired the Mines' End luckstone 18524: entered Sokoban 18970: completed 1st Sokoban level 20439: attained the rank of Exhumer (level 10) 22793: completed 2nd Sokoban level 23274: completed 3rd Sokoban level 24244: completed 4th Sokoban level 24335: acquired the Sokoban amulet of reflection 27519: was bestowed with Demonbane by Quetzalcoatl 33972: made her first wish - "blessed fixed greased +2 gray dragon scale mail", got "a greased gray dragon scale mail" 33984: made her first artifact wish - "blessed fixed greased +2 Grayswandir", got "a greased silver saber named Grayswandir" 33990: wished for "uncursed magic marker", got "a magic marker" 35223: was crowned "The Hand of Elbereth" by Quetzalcoatl 44628: entered Gehennom 44716: attained the rank of Excavator (level 14) 45147: killed by a jabberwock Vanquished creatures: a storm giant a purple worm a gray dragon 2 silver dragons 3 black dragons a blue dragon a yellow dragon a minotaur a baluchitherium 2 demiliches 6 Olog-hai a titanothere a baby yellow dragon a guardian naga 2 genetic engineers 4 vampire leaders 4 captains 2 liches a clay golem a nurse 4 ettins a golden naga 4 black puddings 8 vampires 2 lieutenants 14 ghosts 3 queen bees 6 giant mimics 3 long worms 3 ogre tyrants 6 ice trolls 2 umber hulks a doppelganger 2 large mimics 2 wumpuses a baby purple worm 6 stalkers 2 fire elementals 2 earth elementals 2 water elementals 2 hill giants 3 giant mummies 2 xorns 7 giant zombies 11 sergeants 2 water demons a barbed devil 10 wargs 9 small mimics 6 xans 3 ettin mummies 3 ogre leaders 7 quantum mechanics 6 trolls an erinys a marilith a djinni 4 sharks 3 gelatinous cubes a pyrolisk 3 large dogs 3 freezing spheres 3 flaming spheres a shocking sphere 3 large cats 3 tigers 2 gargoyles a dwarf ruler 4 tengu 2 ochre jellies 3 leocrottas a mountain centaur 3 stone giants an elf mummy a human mummy 4 red nagas 4 green slimes 2 pythons 4 pit vipers 6 cobras 19 wraiths a carnivorous ape 6 ettin zombies 3 leather golems 4 Grey-elves 65 soldiers 4 watchmen 5 amorous demons 4 chameleons 3 crocodiles 4 giant beetles 4 quivering blobs 5 cockatrices 10 wolves 9 winter wolf cubs a lynx a panther 2 gremlins a spotted jelly 52 leprechauns 2 orc-captains 6 iron piercers 3 mumakil 8 giant spiders 4 scorpions a horse 5 ice vortices 3 black lights 4 vampire bats 3 forest centaurs 8 gnome rulers 2 orc mummies 2 dwarf mummies an ogre a brown pudding 6 rust monsters 6 owlbears 3 yetis 5 gold golems 5 werewolves 4 Green-elves 5 giant eels 12 lizards a chickatrice 3 dingoes 2 jaguars 4 dwarf leaders 2 blue jellies 3 gray unicorns 5 black unicorns 7 dust vortices 4 ravens 4 plains centaurs 5 gnome mummies 9 snakes 4 water moccasins 11 apes 7 human zombies a rope golem 16 Woodland-elves 11 soldier ants a fire ant 3 bugbears an imp 6 quasits 3 wood nymphs 6 water nymphs 5 mountain nymphs 3 orc shamans a rock piercer 2 rock moles 3 ponies 4 fog clouds 7 yellow lights 6 shriekers 6 violet fungi 21 gnome leaders 8 gnomish wizards 4 kobold mummies 2 black naga hatchlings a golden naga hatchling 4 gray oozes a barrow wight 7 elf zombies 8 ghouls a straw golem 3 paper golems 21 giant ants 2 little dogs 8 floating eyes 2 kittens 19 dwarves 3 homunculi 5 kobold leaders 3 kobold shamans 34 hill orcs 13 rothes 6 rabid rats 9 giant bats a monkey 20 orc zombies 19 dwarf zombies 5 wererats a werejackal 14 iguanas 39 killer bees 6 acid blobs 3 coyotes a gas spore 6 hobbits 6 manes 7 hobgoblins 9 giant rats 12 cave spiders 3 brown molds 6 yellow molds a green mold 2 red molds 77 gnomes 18 garter snakes 5 gnome zombies 15 geckos 19 jackals 4 foxes 7 kobolds 8 goblins 2 sewer rats 21 grid bugs 2 bats 13 lichens 5 kobold zombies 16 newts 1264 creatures vanquished. Extinct species: erinyes (extinct) 1 species extinct. Voluntary challenges: You read items or engraved 233 times. You engraved Elbereth 148 times. You never genocided any monsters. You never polymorphed an object. You never changed form. You used 3 wishes (1 for an artifact). You violated the special Sokoban rules once. Achievements: You entered a shop. You attained the rank of Field Worker. You entered the Gnomish Mines. You entered Minetown. You entered a temple. You attained the rank of Investigator. You completed the Gnomish Mines. You entered Sokoban. You attained the rank of Exhumer. You completed Sokoban. You learned the tune to open and close the Castle's drawbridge. You entered Gehennom. You attained the rank of Excavator. The Dungeons of Doom: levels 1 to 29 Level 1: Level 2: A scroll shop. Level 3: A fountain. Level 4: Stairs down to The Gnomish Mines. Level 5: Level 6: "vault" Level 7: A fountain. Level 8: "sinkloot" A fountain, a sink. Level 9: "oracle" A fountain. Oracle of Delphi. Level 10: "pickaxe" A general store. Stairs up to Sokoban, level 9. Level 11: Level 12: "vault" Level 13: Level 14: Some fountains. Level 15: Summoned by Lord Carnarvon. Portal to The Quest. Level 16: "loot" A fountain. Level 17: "vault" A grave. Level 18: A primitive area. Level 19: "loot" A fountain, a grave. Level 20: "sinkloot" An altar, a sink. Level 21: "vault" An altar to Quetzalcoatl. Level 22: A fountain. Level 23: "loot" A general store. Level 24: "vault" Many fountains, a sink. Level 25: Some fountains, many trees. Level 26: Level 27: Level 28: "vault" Some fountains. Level 29: A fountain. The castle (play notes "CAEAC" to open or close drawbridge). Connection to Gehennom. Gehennom: Level 30: <- You were here. Many graves. Final resting place for you, killed by a jabberwock. The Gnomish Mines: levels 5 to 13 Level 5: Level 6: Level 7: Many shops, a temple, some fountains. Level 8: Level 9: Level 10: Level 11: Level 12: Level 13: The Quest: Level 1: A throne. Home. Sokoban: levels 9 up to 6 Level 6: Solved. Level 7: Solved. Level 8: Solved. Level 9: Solved. Game over: ---------- / \ / REST \ / IN \ / PEACE \ / \ | horga | | 9381 Au | | killed by a | | jabberwock | | | | | | 2023 | *| * * * | * _________)/\\_//(\/(/\)/\//\/|_)_______ Goodbye horga the Archeologist... You died in Gehennom on dungeon level 30 with 355017 points, and 9381 pieces of gold, after 45147 moves. You were level 14 with a maximum of 123 hit points when you died.